 Dungeon Crawl Stone Soup version 0.29-a0-330-g52719c12eb (webtiles) character file.

Game seed: 7709030381307735296

386 HoaS the Ruffian (level 7, 0/52 HPs)
             Began as a Djinni Cinder Acolyte on May 20, 2022.
             Was a High Priest of Ignis.
             Slain by a scorpion (3 damage)
             ... on level 4 of the Dungeon.
             The game lasted 00:13:33 (5324 turns).

HoaS the Ruffian (Djinni Cinder Acolyte)            Turns: 5324, Time: 00:13:34

Health: 0/52       AC:  5    Str: 13    XL:     7   Next: 6%
Gold:   162        EV: 13    Int: 15    God:    Ignis [*****.] SH:  0 Dex: 17

rFire   + + +      SeeInvis .     - Unarmed
rCold   x . .      Faith    .   (no shield)
rNeg    . . .      Spirit   +   a - +1 robe
rPois   ∞          Reflect  .   c - +2 hat of the Bear Spirit {Spirit, *Rage Will++}
rElec   .          Harm     .   (no cloak)
rCorr   .          Rampage  .   (no gloves)
Will    ++...      Rage     20% (boots unavailable)
Stlth   ++........              (no amulet)
HPRegen 0.17/turn               e - +6 ring of dexterity
MPRegen 0.00/turn               (no ring)

@: on berserk cooldown, flying
A: sickness immunity, fire resistance 2, cold vulnerability 1, float, innate
caster, HP casting, extra vitality 1
a: Renounce Religion, Fiery Armour, Foxfire Swarm, Rising Flame


You were on level 4 of the Dungeon.
You worshipped Ignis.
Ignis was extremely pleased with you.
You visited 1 branch of the dungeon, and saw 6 of its levels.

You collected 162 gold pieces.

Inventory:

Armour
 a - a +1 robe (worn)
 c - the +2 hat of the Bear Spirit (worn) {Spirit, *Rage Will++}
   (You acquired it on level 1 of the Dungeon)

   Going berserk makes the wearer tougher, and they're slowed less afterward.
   *Rage:     It berserks you when you make melee attacks (+20% chance).
   Will:      It greatly increases your willpower.
Jewellery
 e - a +6 ring of dexterity (left hand)
 k - a +4 ring of evasion
Wands
 f - a wand of acid (8)
Scrolls
 j - a scroll of blinking
Potions
 b - 3 potions of curing
 d - a potion of haste {unknown}
 g - 3 potions of brilliance
 h - a potion of lignification {unknown}
 i - a potion of heal wounds {unknown}


   Skills:
 + Level 4.0 Fighting
 + Level 2.5 Dodging
 * Level 4.8 Unarmed Combat
 * Level 3.8 Spellcasting


You had 5 spell levels left.
You knew the following spells:

 Your Spells              Type           Power      Damage    Failure   Level
a - Scorch                Fire           28%        2d6       5%          2
b - Slow                  Hex            56%        N/A       3%          1
c - Poisonous Vapours     Pois/Air       28%        N/A       5%          2
d - Dazzling Flash        Conj/Hex       28%        N/A       11%         3
Your spell library was empty.

Dungeon Overview and Level Annotations

Branches:
Dungeon (6/15)
 Temple: D:4-7

Altars:


Innate Abilities, Weirdness & Mutations

You are immune to sickness and miasma.
You are immune to poison.
Your flesh is very heat resistant. (rF++)
You are vulnerable to cold. (rC-)
You float through the air rather than walking.
You learn spells naturally, not from books.
Your magical power is your life essence.
You have superior vitality. (+4 MHP)


Message History

You completely miss the scorpion. The scorpion stings you!
* * * LOW HITPOINT WARNING * * *
You barely miss the scorpion. The scorpion barely misses you.
You hit the scorpion.
The scorpion is lightly wounded.
The scorpion misses you.
You hit the scorpion.
The scorpion is lightly wounded.
The scorpion closely misses you.
You hit the scorpion but do no damage.
The scorpion is lightly wounded.
The scorpion barely misses you.
You hit the scorpion.
The scorpion is moderately wounded.
The scorpion closely misses you.
You hit the scorpion but do no damage.
The scorpion is moderately wounded.
The scorpion stings you but does no damage.
You barely miss the scorpion.
The scorpion is moderately wounded.
The scorpion stings you.
* * * LOW HITPOINT WARNING * * *
You closely miss the scorpion.
The scorpion is moderately wounded.
The scorpion stings you.
* * * LOW HITPOINT WARNING * * *
You hit the scorpion but do no damage.
You punch the scorpion, but do no damage.
The scorpion is moderately wounded.
The scorpion misses you.
You hit the scorpion.
The scorpion is severely wounded.
The scorpion barely misses you. The scorpion misses you.
You hit the scorpion.
The scorpion is severely wounded.
The scorpion stings you but does no damage.
You hit the scorpion.
The scorpion is severely wounded.
The scorpion stings you.
You die...

≈##...........#
≈≈≈≈≈..........
≈≈≈≈≈≈.....#...#
....≈≈≈...###...## #
....g≈≈....###...## ##
+##..≈≈.....###...## #.
#..≈≈......###...#### #.
#.g≈≈###....##......#######.
#..≈≈ ##.s@................
#..≈≈ ##..................
#...≈≈ ###......##########
#...≈ ###.#### # ###


You could see a scorpion.

Vanquished Creatures
  A sky beast (D:6)
  A jelly (D:4)
  2 orc priests
  An iguana (D:4)
  3 orc wizards
  2 adders (D:2)
  An ufetubus (D:4)
  A dart slug (D:2)
  4 orcs
  5 ball pythons
  2 endoplasms (D:4)
  7 giant cockroaches
  6 goblins
  6 hobgoblins
  7 jackals
  5 quokkas
  2 bats
  10 frilled lizards
  9 kobolds
  4 rats
79 creatures vanquished.

Vanquished Creatures (others)
  6 fungi (D:1)
  11 plants
17 creatures vanquished.

Grand Total: 96 creatures vanquished

Notes
Turn   | Place    | Note
-------+----------+-------------------------------------------
     0 | D:1      | HoaS the Djinni Cinder Acolyte began the quest for the Orb.
     0 | D:1      | Reached XP level 1. HP: 20/20 MP: 0/0
   499 | D:1      | Reached XP level 2. HP: 21/25 MP: 0/0
   676 | D:1      | Found a faded altar of an unknown god.
   696 | D:1      | HP: 1/25 [jackal (1)]
  1376 | D:1      | Identified a scroll of acquirement
  1376 | D:1      | Acquired the +2 hat of the Bear Spirit {Spirit, *Rage
                  | Will++}
  1376 | D:1      | Found the +2 hat of the Bear Spirit {Spirit, *Rage Will++}
  1645 | D:2      | Reached XP level 3. HP: 30/30 MP: 0/0
  1645 | D:2      | Learned a level 1 spell: Slow
  2201 | D:2      | Reached XP level 4. HP: 31/35 MP: 0/0
  2477 | D:2      | Reached skill level 1 in Dodging
  3313 | D:3      | Reached XP level 5. HP: 40/40 MP: 0/0
  3313 | D:3      | Learned a level 2 spell: Poisonous Vapours
  4551 | D:4      | Identified the +4 kite shield "Tefuupp" {rElec}
  4570 | D:4      | Reached XP level 6. HP: 47/47 MP: 0/0
  4812 | D:4      | You are sucked into a shaft and drop 2 floors!
  4812 | D:6      | Noticed a sky beast
  4832 | D:6      | Killed a sky beast
  4977 | D:5      | Entered Level 5 of the Dungeon
  5061 | D:4      | Reached XP level 7. HP: 52/52 MP: 0/0
  5061 | D:4      | Learned a level 3 spell: Dazzling Flash
  5324 | D:4      | Slain by a scorpion

Illustrated notes

Levels and vault maps discovered:
D:1:      dpeg_arrival_boxorama, layout_basic, dreamdust_ecumenical_altar_grove,
          serial_corexii_hall, corexii_hall_statues_l, corexii_hall_statues_x
D:2:      layout_basic, minmay_lizard_pond
D:3:      layout_basic
D:4:      kennysheep_goblin_castle, layout_layer_cave, minmay_temple_entry_mist,
          gammafunk_ghost_gnarly_gnolls
D:5:      layout_loops_ring, uniq_crazy_yiuf_cottage
D:6:      layout_rooms, supply_closet_lemuel

Skill      XL: |  1  2  3  4  5  6 |
---------------+-------------------+-----
Dodging        | 1 2 |  2.5
Spellcasting   | 3 |  3.8
Unarmed Combat | 4 |  4.8
Fighting       | 4 |  4.0

Action                   |  1- 3 |  4- 6 |  7- 9 || total
-------------------------+-------+-------+-------++-------
Melee: Unarmed           |   123 |   133 |    25 ||   281
       Punch             |     2 |     4 |     2 ||     8
 Cast: Scorch            |     1 |       |       ||     1
  Use: Scroll            |     4 |     6 |       ||    10
 Stab: Sleeping          |       |     1 |       ||     1
Armor: Robe              |    30 |    39 |     8 ||    77
Dodge: Dodged            |    72 |    78 |    36 ||   186

Table legend: (Time is in decaauts)
 A = Elapsed time spent in this place.
 B = Non-inter-level travel time spent in this place.
 C = Inter-level travel time spent in this place.
 D = Time resting spent in this place.
 E = Time spent auto-exploring this place.
 F = Levels seen in this place.
 G = Mean time per level.
                   A        B        C        D        E       F      G
               +--------+--------+--------+--------+--------+-----+--------+
         Total |   5416 |   5169 |    247 |   1954 |   2583 |   6 |  902.7 |
       Dungeon |   5416 |   5169 |    247 |   1954 |   2583 |   6 |  902.7 |
               +--------+--------+--------+--------+--------+-----+--------+

Top non-repeatable levels by time:
     D:2: 1673 daAuts
     D:1: 1427 daAuts
     D:3: 1411 daAuts
     D:4: 733 daAuts
     D:6: 163 daAuts
     D:5: 6 daAuts
